 Dungeon Crawl Stone Soup version 0.25.0-17-g773c8c6189 (webtiles) character file.

Game seed: 5810305108609773581

2776 Bapho the Cleaver (level 9, 0/78 HPs)
             Began as a Black Draconian Berserker on June 30, 2020.
             Was an Elder of Trog.
             Slain by a bullfrog (1 damage)
             ... on level 7 of the Dungeon.
             The game lasted 00:16:59 (8255 turns).

Bapho the Cleaver (Black Draconian Berserker)       Turns: 8255, Time: 00:17:00

Health: 0/78       AC:  8    Str: 19    XL:     9   Next: 42%
Magic:  9/9        EV: 15    Int: 15    God:    Trog [****..]
Gold:   334        SH:  0    Dex: 13    Spells: 8/8 levels left

rFire    + . .     SeeInvis .   s - +0 war axe
rCold    . . .     Gourm    .   (no shield)
rNeg     . . .     Faith    .   (armour unavailable)
rPois    .         Spirit   .   (helmet restricted)
rElec    +         Reflect  .   r - +0 cloak
rCorr    .         Harm     .   (no gloves)
MR       .....                  (no boots)
Stlth    +.........             (no amulet)
HPRegen  0.23/turn              d - ring of protection from fire
MPRegen  0.11/turn              C - +6 ring of intelligence

@: lethally poisoned (0 -> -1), berserk cooldown, slowed, very slow
A: breathe lightning, unfitting armour, electricity resistance, cold-blooded, AC
+7
a: Breathe Lightning, Berserk, Trog's Hand, Brothers in Arms, Renounce Religion


You were on level 7 of the Dungeon.
You worshipped Trog.
Trog was greatly pleased with you.
You were not hungry.

You visited 1 branch of the dungeon, and saw 7 of its levels.

You collected 334 gold pieces.

Inventory:

Hand Weapons
 a - a +0 hand axe
 s - a +0 war axe (weapon)
Missiles
 f - 27 arrows
 h - 121 stones (quivered)
Armour
 r - a +0 cloak (worn)
Jewellery
 d - a ring of protection from fire (left hand)
 e - an uncursed ring of ice
 n - an uncursed amulet of guardian spirit {unknown}
 z - an uncursed amulet of guardian spirit {unknown}
 C - a +6 ring of intelligence (right hand)
Wands
 u - a wand of polymorph (8)
 y - a wand of paralysis (19)
 D - a wand of flame (20)
Scrolls
 c - 2 scrolls of teleportation
 j - 2 scrolls of remove curse {unknown}
 p - 3 scrolls of immolation {unknown}
 v - 4 scrolls of amnesia {unknown}
 x - a scroll of enchant armour {unknown}
 A - 2 scrolls of magic mapping {unknown}
 B - a scroll of enchant weapon {unknown}
Potions
 g - a potion of degeneration
 k - 2 potions of lignification
 l - a potion of might
 m - a potion of curing
 o - a potion of ambrosia {unknown}
 q - 2 potions of flight {unknown}
 t - a potion of invisibility {unknown}
 w - a potion of cancellation
Comestibles
 b - 11 rations
 i - 2 chunks of flesh


   Skills:
 - Level 6.7 Fighting
 * Level 10.9 Axes
 - Level 5.5 Dodging


You had 8 spell levels left.
You didn't know any spells.
Your spell library was empty.

Dungeon Overview and Level Annotations

Branches:
Dungeon (7/15)
 Temple: D:4-7

Altars:
Gozag

Shops:
D:5 *


Innate Abilities, Weirdness & Mutations

You can breathe wild blasts of lightning.
Your glossy black scales are hard. (AC +7)
You cannot fit into any form of body armour.
You are resistant to electric shocks. (rElec)
You are cold-blooded and may be slowed by cold attacks.


Message History

The bullfrog is severely wounded.
You feel sick. The bullfrog misses you. The bullfrog hits you.
* * * LOW HITPOINT WARNING * * *
The bullfrog misses you.
You hit the bullfrog.
The bullfrog is almost dead.
The bullfrog misses you. x2
You closely miss the bullfrog.
The bullfrog is almost dead.
You feel sick. The bullfrog hits you!
* * * LOW HITPOINT WARNING * * *
The bullfrog completely misses you.
You barely miss the bullfrog.
Your tail-slap misses the bullfrog.
The bullfrog is almost dead.
The bullfrog misses you. The bullfrog barely misses you.
You hit the bullfrog.
The bullfrog is almost dead.
* * * LOW HITPOINT WARNING * * *
You feel sick. The bullfrog barely misses you. The bullfrog hits you.
You die...

#####.# ....... ##
.....# .###### .....#
.##...# ...(.# .##...#
.....#
.##...############.....#
.'....'.........@F.....+
.##...############.....#
.######## .....#
......... .....#
######### .##### .# # .F
# .. #


You could see a bullfrog.

Vanquished Creatures
  The ghost of DungeonDestroyer the Shield-Bearer, an amateur GnFi of Xom (D:4)
  4 water moccasins (D:5)
  A black bear (D:6)
  A sky beast (D:6)
  3 ogres
  3 bullfrogs (D:6)
  A water moccasin zombie (D:5)
  5 killer bees (D:7)
  3 scorpions (D:4)
  3 wights (D:6)
  A howler monkey (D:6)
  4 crimson imps
  An orc priest (D:3)
  A hound (D:4)
  A jelly (D:7)
  Crazy Yiuf (D:3)
  2 gnoll shamans (D:6)
  Jessica (D:2)
  5 worker ants
  2 iguanas
  2 orc wizards
  Terence (D:2)
  A hound skeleton (D:6)
  Robin (D:2)
  13 gnolls (D:6)
  11 adders
  A shadow imp (D:6)
  An ooze (D:1)
  3 worms (D:3)
  5 dart slugs
  6 leopard geckos
  22 orcs
  6 ball pythons
  7 bats
  4 giant cockroaches
  17 goblins
  12 hobgoblins
  10 jackals
  2 quokkas
  6 frilled lizards
  4 kobolds
  A quokka zombie (D:6)
  6 rats
  4 fungi (D:3)
190 creatures vanquished.

Notes
Turn   | Place    | Note
-------+----------+-------------------------------------------
     0 | D:1      | Bapho the Draconian Berserker began the quest for the Orb.
     0 | D:1      | Reached XP level 1. HP: 19/19 MP: 1/1
   345 | D:1      | Reached XP level 2. HP: 23/26 MP: 2/2
   654 | D:1      | Reached XP level 3. HP: 33/33 MP: 3/3
  1133 | D:2      | Noticed Terence
  1136 | D:2      | Noticed Jessica
  1139 | D:2      | Killed Jessica
  1139 | D:2      | Reached ** piety under Trog
  1139 | D:2      | Reached skill level 4 in Axes
  1139 | D:2      | Reached XP level 4. HP: 40/40 MP: 4/4
  1139 | D:2      | Identified the +0 helmet of the Wasteland {Str+2 SInv}
  1139 | D:2      | Noticed Robin
  1145 | D:2      | Killed Terence
  1172 | D:2      | Killed Robin
  1523 | D:2      | Reached XP level 5. HP: 46/46 MP: 5/5
  1694 | D:3      | Noticed an ogre
  1702 | D:3      | Killed an ogre
  1702 | D:3      | Reached skill level 5 in Axes
  1724 | D:3      | Found a faded altar of an unknown god.
  2196 | D:3      | Reached XP level 6. HP: 17/53 MP: 6/6
  2480 | D:3      | Reached *** piety under Trog
  3260 | D:3      | Found a runed translucent door.
  3261 | D:3      | Noticed Crazy Yiuf
  3268 | D:3      | Killed Crazy Yiuf
  3408 | D:4      | Reached skill level 5 in Fighting
  3573 | D:4      | Reached skill level 6 in Axes
  3573 | D:4      | Your scales start taking on a glossy black colour.
  3573 | D:4      | Reached XP level 7. HP: 59/61 MP: 7/7
  3573 | D:4      | Gained mutation: You are resistant to electric shocks.
                  | (rElec) [Black Draconian growth]
  4066 | D:4      | Found a transporter.
  4079 | D:4      | Found a transporter.
  4079 | D:4      | Noticed DungeonDestroyer's ghost (amateur GnFi)
  5351 | D:5      | Entered Level 5 of the Dungeon
  5429 | D:4      | Killed DungeonDestroyer's ghost
  5429 | D:4      | Reached skill level 7 in Axes
  5602 | D:5      | Reached skill level 5 in Dodging
  5602 | D:5      | Reached XP level 8. HP: 70/70 MP: 8/8
  5855 | D:5      | Reached **** piety under Trog
  6159 | D:5      | Found Haxtoatro's Serpentskin Sales.
  6285 | D:5      | Reached skill level 8 in Axes
  6929 | D:6      | Reached skill level 9 in Axes
  7195 | D:6      | Reached XP level 9. HP: 57/78 MP: 9/9
  7766 | D:6      | Reached skill level 10 in Axes
  7842 | D:6      | Found an opulent altar of Gozag.
  8253 | D:7      | HP: 1/78 [bullfrog (8)]
  8255 | D:7      | Slain by a bullfrog

Illustrated notes

Levels and vault maps discovered:
D:1:      dpeg_arrival_shrine, layout_rooms
D:2:      layout_rooms, uniq_robin, uniq_jessica, uniq_terence
D:3:      layout_loops_ring, chequers_ecumenical_altar_simple_redux,
          kennysheep_cluttered_room, uniq_crazy_yiuf_cottage
D:4:      layout_cave_pods, gammafunk_ghost_arena, minmay_snake_closets
D:5:      layout_basic, first_ration, guppyfry_shop_venom
D:6:      layout_basic, grunt_gozag_breadcrumbs
D:7:      layout_basic, marbit_many_paths, minmay_temple_entry_slanted,
          basic_altar

Skill      XL: |  1  2  3  4  5  6  7  8  9 |
---------------+----------------------------+-----
Dodging        | 3 4 5 |  5.5
Axes           | 4 5 6 7 9 10 | 10.9
Fighting       | 4 5 6 |  6.7

Action                   |  1- 3 |  4- 6 |  7- 9 || total
-------------------------+-------+-------+-------++-------
Melee: Hand axe          |    74 |   201 |    12 ||   287
       Tailslap          |     6 |    32 |    42 ||    80
       War axe           |       |       |   296 ||   296
Throw: Stone             |     3 |    84 |   135 ||   222
Invok: Berserk           |     1 |     5 |     6 ||    12
 Abil: Breathe Lightning |       |       |     3 ||     3
  Use: Scroll            |       |       |     5 ||     5
       Potion            |       |       |     3 ||     3
  Eat: Chunk             |     1 |    12 |    12 ||    25
       Ration            |       |       |     3 ||     3
Armor: Skin              |    26 |    30 |    86 ||   142
Dodge: Dodged            |    92 |    89 |   246 ||   427
